 Dungeon Crawl Stone Soup version 0.29-a0-234-g0dae59b3db (webtiles) character file.

Game seed: 8421512239930025488

28 LadyBoffin the Skirmisher (level 3, 33/33 HPs)
             Began as a Hill Orc Fighter on Mar 3, 2022.
             Quit the game on level 1 of the Dungeon on Oct 18, 2023.
             The game lasted 00:12:17 (873 turns).

LadyBoffin the Skirmisher (Hill Orc Fighter)         Turns: 873, Time: 00:12:18

Health: 33/33      AC:  7    Str: 20    XL:     3   Next: 14%
Magic:  3/3        EV:  9    Int:  8    God:
Gold:   40         SH:  4    Dex: 10    Spells: 2/2 levels left

rFire   . . .      SeeInvis .   a - +0 war axe
rCold   . . .      Faith    .   c - +0 buckler
rNeg    . . .      Spirit   .   b - +0 scale mail
rPois   .          Reflect  .   (no helmet)
rElec   .          Harm     .   (no cloak)
rCorr   .          Rampage  .   (no gloves)
Will    .....                   (no boots)
Stlth   ..........              (no amulet)
HPRegen 0.11/turn               (no ring)
MPRegen 0.08/turn               (no ring)

@: no status effects
A: no striking features
a: no special abilities


You were on level 1 of the Dungeon.
You visited 1 branch of the dungeon, and saw 1 of its levels.

You collected 40 gold pieces.

Inventory:

Hand Weapons
 a - a +0 war axe (weapon)
Armour
 b - a +0 scale mail (worn)
 c - a +0 buckler (worn)
 g - a scarf of invisibility
Scrolls
 f - a scroll of amnesia {unknown}
 j - a scroll of teleportation {unknown}
Potions
 d - a potion of might
 e - a potion of resistance {unknown}
 h - 2 potions of mutation {unknown}
 i - a potion of curing {unknown}
 k - a potion of berserk rage {unknown}


   Skills:
 + Level 4.0 Fighting
 + Level 3.1 Axes
 + Level 3.7 Armour
 + Level 3.6 Shields


You had 2 spell levels left.
You didn't know any spells.
Your spell library was empty.

Dungeon Overview and Level Annotations

Branches:
Dungeon (1/15)

Altars:


Message History

You slash the goblin!
You kill the goblin!
You have reached level 3!
Your experience leads to an increase in your attributes!
Increase (S)trength, (I)ntelligence, or (D)exterity?
You feel stronger. x2
You see here a +0 club.
Things that are here:
a +0 dagger; a +0 club A kobold comes into view.
It is wielding a +0 club.
Found a smoky dark potion.
The kobold shouts!
You hear a shout!
The kobold hits you but does no damage.
You miss the kobold. The kobold hits you but does no damage.
A goblin comes into view. It is wielding a +0 dagger.
You block the kobold's attack.
You slash the kobold!
You kill the kobold!
Your Axes skill increases to level 3!
You hit the goblin but do no damage. The goblin barely misses you.
The goblin hits you but does no damage.
You hit the goblin.
You kill the goblin!
Things that are here:
a +0 dagger; a +0 club; a kobold corpse
k - a smoky dark potion A hobgoblin comes into view.
The hobgoblin shouts!
You closely miss the hobgoblin.
The hobgoblin hits you but does no damage.
You slash the hobgoblin!
You kill the hobgoblin!
You see here a hobgoblin corpse.
There is an escape hatch in the floor here.
You see here a +0 dagger.
You see here a +0 scale mail.
Unknown command.
Unknown command.
There is a stone staircase leading down here.
Are you sure you want to abandon this character and quit the game? (Confirm with "yes".)

####### #...#.#
......#########..#.##
.####.##............######
.# #....................# .#
####.#####......####.# .#
#.# #...#.## #.# .# #.#
#..[..# ##.## .# #.# ##..#.#
#...# .# #÷# #.@#.# #...#
.#######.# #..#.# #...#
.........# #..#.####.###
.#####.#.######.......#.####
#.....#.......)...#........#
≈.....≈..#.######.....#.##.#
.≈...≈.≈#..# #..#..#.##.#
§.≈.≈.≈..#.# ####..#..#.##.#
.§.≈.≈...#.###...^......##.#


There were no monsters in sight!

Vanquished Creatures
  4 bats (D:1)
  A giant cockroach (D:1)
  5 goblins (D:1)
  6 hobgoblins (D:1)
  4 kobolds (D:1)
  2 ball pythons (D:1)
  A rat (D:1)
23 creatures vanquished.

Notes
Turn   | Place    | Note
-------+----------+-------------------------------------------
     0 | D:1      | LadyBoffin the Hill Orc Fighter began the quest for the
                  | Orb.
     0 | D:1      | Reached XP level 1. HP: 19/19 MP: 1/1
   184 | D:1      | Reached XP level 2. HP: 27/27 MP: 2/2
   289 | D:1      | Found a faded altar of an unknown god.
   503 | D:1      | Reached skill level 4 in Fighting
   758 | D:1      | Reached XP level 3. HP: 33/33 MP: 3/3
   873 | D:1      | Quit the game

Illustrated notes

Levels and vault maps discovered:
D:1:      mrwooster_arrival_statue, layout_loops_ring,
          shapermc_ecumenical_altar_starsandcircs

Skill      XL: |  1  2  3 |
---------------+----------+-----
Fighting       | 4 |  4.0
Axes           | 3 |  3.1
Armour         | |  3.7
Shields        | |  3.6

Action                   || total
-------------------------++-------
Melee: War axe           ||    75
Armor: Scale mail        ||    53
Dodge: Dodged            ||    51
Block: Buckler           ||    19

Table legend: (Time is in decaauts)
 A = Elapsed time spent in this place.
 B = Non-inter-level travel time spent in this place.
 C = Inter-level travel time spent in this place.
 D = Time resting spent in this place.
 E = Time spent auto-exploring this place.
 F = Levels seen in this place.
 G = Mean time per level.
                   A        B        C        D        E       F      G
               +--------+--------+--------+--------+--------+-----+--------+
         Total |    902 |    763 |    139 |    143 |      0 |   1 |  902.0 |
       Dungeon |    902 |    763 |    139 |    143 |      0 |   1 |  902.0 |
               +--------+--------+--------+--------+--------+-----+--------+

Top non-repeatable levels by time:
     D:1: 902 daAuts
